 Dungeon Crawl Stone Soup version 0.28.0-49-g6dfe1f597d (webtiles) character file.

Game seed: 15795645844167225444

471 Exodus22XD the Chopper (level 6, -3/55 HPs)
             Began as a Minotaur Fighter on May 14, 2022.
             Was a Believer of Okawaru.
             Slain by Grinder (5 damage)
             ... while paralysed by Grinder
             ... on level 5 of the Dungeon.
             The game lasted 00:02:31 (2244 turns).

Exodus22XD the Chopper (Minotaur Fighter)           Turns: 2244, Time: 00:02:31

Health: -3/55      AC: 10    Str: 22    XL:     6   Next: 83%
Magic:  5/7        EV:  2    Int:  5    God:    Okawaru [**....]
Gold:   214        SH:  0    Dex: 10    Spells: 5/5 levels left

rFire   . . .      SeeInvis .   a - +0 war axe
rCold   . . .      Faith    .   c - +0 buckler
rNeg    . . .      Spirit   .   b - +0 scale mail
rPois   .          Reflect  .   i - +2 hat
rElec   .          Harm     .   (no cloak)
rCorr   .          Rampage  .   (no gloves)
Will    .....                   (no boots)
Stlth   +.........              (no amulet)
HPRegen 0.18/turn               (no ring)
MPRegen 0.10/turn               (no ring)

@: paralysed, heroic
A: horns 2, retaliatory headbutt
a: Renounce Religion, Heroism


You were on level 5 of the Dungeon.
You worshipped Okawaru.
Okawaru was pleased with you.
You visited 1 branch of the dungeon, and saw 4 of its levels.

You collected 214 gold pieces.

Inventory:

Hand Weapons
 a - a +0 war axe (weapon)
Armour
 b - a +0 scale mail (worn)
 c - a +0 buckler (worn)
 i - a +2 hat (worn)
Jewellery
 h - a ring of ice
Scrolls
 e - a scroll of immolation {unknown}
 j - 2 scrolls of enchant armour {unknown}
 l - 3 scrolls of identify {unknown}
Potions
 f - 2 potions of curing
 g - 2 potions of heal wounds {unknown}
 k - a potion of mutation {unknown}


   Skills:
 + Level 4.8(9.8) Fighting
 + Level 5.9(10.9) Axes
 + Level 5.1(10.1) Armour
 + Level 4.5(9.5) Shields
 * Level 2.7 Invocations


You had 5 spell levels left.
You didn't know any spells.
Your spell library was empty.

Dungeon Overview and Level Annotations

Branches:
Dungeon (5/15)
 Temple: D:4-7

Altars:
Okawaru
Beogh

Annotations:
D:5 Grinder


Innate Abilities, Weirdness & Mutations

You have a pair of horns on your head.
You reflexively headbutt those who attack you in melee.


Message History

* * * LOW HITPOINT WARNING * * *
You block the gnoll's attack. The iguana bites you.
* * * LOW HITPOINT WARNING * * *
The gnoll hits you but does no damage. The gnoll barely misses you.
Unknown command.
You barely miss the gnoll. You headbutt the gnoll.
You kill the gnoll!
Okawaru accepts your kill.
You slash the gnoll!
You kill the gnoll!
Okawaru accepts your kill.
You slash Grinder! You slash the iguana!
You kill the iguana!
Okawaru accepts your kill. Grinder gestures at you.
You barely resist. The gnoll barely misses you.
You slash Grinder! Your headbutt misses Grinder.
Grinder is severely wounded.
Grinder gestures at you. You resist with significant effort.
The gnoll barely misses you.
You hit Grinder. Your headbutt misses Grinder.
Grinder is severely wounded.
Grinder gestures at you. You resist with significant effort.
The gnoll hits you from afar with a +0 spear.
* * * LOW HITPOINT WARNING * * *
Grinder hits you.
* * * LOW HITPOINT WARNING * * *
You hit Grinder. Your headbutt misses Grinder.
Grinder is severely wounded.
The gnoll hits you but does no damage. Grinder barely misses you.
You closely miss Grinder.
Grinder is severely wounded.
The gnoll misses you. Grinder gestures at you.
You suddenly lose the ability to move!
The gnoll hits you but does no damage. Grinder hits you.
* * * LOW HITPOINT WARNING * * *
You writhe in agony.
You die...

#.. ..# .. §.§# .####.#
#§§§# .... ....... #○§○#
....
#.....#####...#####....
#.............##......#
.#.............##......#
...#
......)5.......##......#
#...
.#...g)@..#.##.##......#
...
#...<)†................
..# .
#.............###......
..###.. #.............#
#...... .......
###...#.......# #......
....... #...##......#
#...... ....... #...
#....).# #...... .......
#... #...##.# #......
....... ##.. ... #......


You could see Grinder and a gnoll.

Vanquished Creatures
  Sigmund (D:5)
  A phantom (D:5)
  An orc wizard (D:5)
  Natasha (thrice) (D:2)
  An iguana (D:5)
  A hound zombie (D:5)
  3 gnolls (D:5)
  A howler monkey skeleton (D:5)
  2 adders
  A white imp (D:5)
  2 orcs (D:5)
  5 ball pythons
  2 endoplasms (D:1)
  4 giant cockroaches
  7 goblins
  A hobgoblin (D:1)
  2 jackals (D:2)
  3 kobolds (D:1)
  A quokka (D:1)
  3 bats (D:1)
  4 frilled lizards
  10 rats
59 creatures vanquished.

Notes
Turn   | Place    | Note
-------+----------+-------------------------------------------
     0 | D:1      | Exodus22XD the Minotaur Fighter began the quest for the
                  | Orb.
     0 | D:1      | Reached XP level 1. HP: 19/19 MP: 0/0
   119 | D:1      | Reached XP level 2. HP: 27/27 MP: 1/1
   197 | D:1      | Found a faded altar of an unknown god.
   215 | D:1      | Prayed at the altar of an unknown god.
   215 | D:1      | Became a worshipper of Warmaster Okawaru
   215 | D:1      | Reached * piety under Okawaru
   403 | D:1      | Reached XP level 3. HP: 30/33 MP: 2/2
   942 | D:2      | Noticed Natasha
   951 | D:2      | Killed Natasha
  1166 | D:2      | Reached skill level 1 in Invocations
  1166 | D:2      | Reached XP level 4. HP: 40/40 MP: 3/3
  1276 | D:2      | Noticed Natasha
  1286 | D:2      | Killed Natasha
  1602 | D:2      | Noticed Natasha
  1606 | D:2      | Killed Natasha
  1908 | D:3      | You fall into a shaft and drop 2 floors!
  1908 | D:5      | Entered Level 5 of the Dungeon
  1916 | D:5      | Reached XP level 5. HP: 38/46 MP: 5/5
  2136 | D:5      | Noticed Sigmund
  2136 | D:5      | Noticed a phantom
  2149 | D:5      | Killed a phantom
  2150 | D:5      | Reached XP level 6. HP: 46/53 MP: 3/6
  2153 | D:5      | Killed Sigmund
  2153 | D:5      | Reached ** piety under Okawaru
  2154 | D:5      | Reached skill level 5 in Axes
  2154 | D:5      | Reached skill level 5 in Armour
  2228 | D:5      | Noticed Grinder
  2243 | D:5      | Paralysed by Grinder for 2 turns
  2244 | D:5      | HP: 2/55 [Grinder (6)]
  2244 | D:5      | Slain by Grinder

Illustrated notes

Levels and vault maps discovered:
D:1:      nzn_arrival_settlement, layout_basic,
          hellmonk_ecumenical_altar_defaced_shrine
D:2:      kennysheep_big_flooded_room, layout_loops_ring, minivault_19,
          uniq_natasha
D:3:      layout_loops_ring
D:5:      cheibrodos_iron_armory, layout_basic, gammafunk_temple_overflow_wave,
          minmay_misc_feat_rugged, lemuel_flame_loot_1, uniq_grinder,
          uniq_sigmund

Skill      XL: |  1  2  3  4  5  6 |
---------------+-------------------+-----
Shields        | 4 |  4.5
Armour         | 4 5 |  5.1
Fighting       | 4 |  4.8
Axes           | 3 4 5 |  5.9
Invocations    | 1 2 |  2.7

Action                   |  1- 3 |  4- 6 || total
-------------------------+-------+-------++-------
Melee: War axe           |    58 |    48 ||   106
       Headbutt          |     4 |     8 ||    12
Invok: Heroism           |       |     2 ||     2
  Use: Potion            |       |     2 ||     2
Armor: Scale mail        |    29 |    23 ||    52
Dodge: Dodged            |    31 |    26 ||    57
Block: Buckler           |    19 |    10 ||    29
